 Dungeon Crawl Stone Soup version 0.29.1-2-gbd0b4ee654 (webtiles) character file.

Game seed: 6368440670518118805

29 qeuew the Ducker (level 3, 0/28 HPs)
             Began as a Merfolk Gladiator on Nov 9, 2022.
             Frozen to death by an endoplasm (2 damage)
             ... on level 2 of the Dungeon.
             The game lasted 00:00:52 (735 turns).

qeuew the Ducker (Merfolk Gladiator)                 Turns: 735, Time: 00:00:53

Health: 0/28       AC:  4    Str: 16    XL:     3   Next: 16%
Magic:  3/3        EV: 13    Int:  7    God:
Gold:   29         SH:  0    Dex: 15    Spells: 2/2 levels left

rFire   . . .      SeeInvis .   a - +0 trident
rCold   . . .      Faith    .   (no shield)
rNeg    . . .      Spirit   .   b - +0 leather armour
rPois   .          Reflect  .   c - +0 helmet
rElec   .          Harm     .   (no cloak)
rCorr   .          Rampage  .   (no gloves)
Will    .....                   (no boots)
Stlth   +.........              (no amulet)
HPRegen 0.09/turn               (no ring)
MPRegen 0.08/turn               (no ring)

@: brilliant
A: (nimble swimmer 2), mertail
a: no special abilities


You were on level 2 of the Dungeon.
You visited 1 branch of the dungeon, and saw 2 of its levels.

You collected 29 gold pieces.

Inventory:

Hand Weapons
 a - a +0 trident (weapon)
Missiles
 d - 3 throwing nets (quivered)
 e - a javelin
Armour
 b - a +0 leather armour (worn)
 c - a +0 helmet (worn)
Scrolls
 f - 2 scrolls of enchant armour {unknown}
 i - a scroll of brand weapon {unknown}
Potions
 g - a potion of brilliance
 h - 2 potions of ambrosia {unknown}
 j - a potion of heal wounds {unknown}
 k - a potion of flight {unknown}


   Skills:
 + Level 2.6 Fighting
 + Level 4.3 Polearms
 + Level 2.3 Throwing
 + Level 0.5 Armour
 + Level 4.3 Dodging


You had 2 spell levels left.
You didn't know any spells.
Your spell library contained the following spells:

 Spells                   Type           Power      Damage    Failure   Level
 Poisonous Vapours        Pois/Air       0%         N/A       65%         2
 Corpse Rot               Necr/Pois/Air  0%         N/A       99%         4
 Summon Lightning Spire   Summ/Air       0%         N/A       99%         4
 Storm Form               Tmut/Air       0%         N/A       100%        7
 Maxwell's Capacitive Co  Air            0%         ∞         100%        8


Dungeon Overview and Level Annotations

Branches:
Dungeon (2/15)

Altars:


Innate Abilities, Weirdness & Mutations

((You are very nimble when in or above water. (Stealth+, EV+, Speed+++)))
Your lower body shifts to a powerful aquatic tail in water.


Message History

You are frozen.
You are too injured to fight recklessly!
You are too injured to fight recklessly!
You are too injured to fight recklessly!
You are too injured to fight recklessly!
You are too injured to fight recklessly!
You are too injured to fight recklessly!
You are too injured to fight recklessly!
You are too injured to fight recklessly!
You are too injured to fight recklessly!
You are too injured to fight recklessly!
You are too injured to fight recklessly!
You are too injured to fight recklessly!
You are too injured to fight recklessly!
You are too injured to fight recklessly!
You are too injured to fight recklessly!
You are too injured to fight recklessly!
You are too injured to fight recklessly!
You puncture the endoplasm!
You kill the endoplasm!
The jackal barely misses you.
You closely miss the jackal. The jackal bites you.
You closely miss the jackal. The jackal bites you.
* * * LOW HITPOINT WARNING * * *
The jackal barely misses you.
It was a potion of brilliance.
You feel clever all of a sudden. The jackal barely misses you.
The jackal closely misses you.
There is a stone staircase leading down here.
The endoplasm freezes you.
You are frozen.
* * * LOW HITPOINT WARNING * * *
You climb downwards.
Found a stone staircase leading down.
There is a stone staircase leading up here.
You hit the endoplasm but do no damage. The endoplasm freezes you.
You are frozen.
You die...

### #..
#.# #.#
#.# ###
#.#
.>...##.#
#...@#
####J#
... ##.#.
#.#.# #.#
# #.# #.#


You could see an endoplasm.

Vanquished Creatures
  A ball python (D:1)
  6 endoplasms (D:1)
  4 giant cockroaches (D:1)
  2 jackals (D:1)
  2 kobolds (D:1)
  2 quokkas (D:1)
  3 bats (D:1)
  2 frilled lizards (D:1)
  A goblin (D:1)
  2 rats (D:1)
25 creatures vanquished.

Notes
Turn   | Place    | Note
-------+----------+-------------------------------------------
     0 | D:1      | qeuew the Merfolk Gladiator began the quest for the Orb.
     0 | D:1      | Reached XP level 1. HP: 16/16 MP: 1/1
     1 | D:1      | Found a runed translucent door.
   188 | D:1      | Reached XP level 2. HP: 23/23 MP: 2/2
   486 | D:1      | Found a faded altar of an unknown god.
   715 | D:1      | Reached XP level 3. HP: 21/28 MP: 3/3
   735 | D:2      | Frozen to death by an endoplasm

Illustrated notes

Levels and vault maps discovered:
D:1:      dpeg_arrival_caged_fury, layout_loops_cross,
          nicolae_ecumenical_snake_handling, chequers_big_river,
          dreamdust_mushroom_princess
D:2:      layout_basic

Action                   || total
-------------------------++-------
Melee: Trident           ||    75
  Use: Potion            ||     1
 Stab: Sleeping          ||     2
Armor: Leather armour    ||    19
Dodge: Dodged            ||    36
